 Dungeon Sprint DCSS version 0.30-a0-1016-gfb0d676c02 (webtiles) character file.

Game seed: 9106103598720185839

244 rocky1 the Arsonist (level 5, -21/28 HPs)
             Began as a Deep Elf Fire Elementalist on Apr 7, 2023.
             Killed from afar by a deep elf pyromancer (40 damage)
             ... with a bolt of fire
             ... in the Dungeon (Sprint III: "The Ten Rune Challenge").
             The game lasted 00:03:34 (858 turns).

rocky1 the Arsonist (Deep Elf Fire Elementalist)     Turns: 858, Time: 00:03:36

Health: -21/28     AC:  3    Str:  5    XL:     5   Next: 83%
Magic:  18/18      EV: 14    Int: 22    God:
Gold:   26         SH:  0    Dex: 15    Spells: 9/21 levels left

rFire   . . .      SeeInvis .    (no weapon)
rCold   . . .      Faith    .    (no shield)
rNeg    . . .      Spirit   .    a - +0 robe
rPois   .          Reflect  .    (no helmet)
rElec   .          Rampage  .    g - +0 cloak
rCorr   .          NoTele   +    (no gloves)
Will    .....                    (no boots)
Stlth   +++                      (no amulet)
HPRegen 0.24/turn                (no ring)
MPRegen 0.16/turn                (no ring)

@: hasted, very quick
A: no striking features
a: no special abilities


You were in the Dungeon.
You visited 1 branch You collected 26 gold pieces.

Inventory:

Armour
 a - a +0 robe (worn)
 g - a +0 cloak (worn)
 i - a +0 leather armour
Wands
 p - a wand of paralysis (8)
Scrolls
 k - a scroll of torment {unknown}
 l - 3 scrolls of identify
 m - a scroll of immolation {unknown}
Potions
 b - 3 potions of magic
 c - 2 potions of curing
 d - a potion of heal wounds
 f - 2 potions of berserk rage
 h - a potion of brilliance {unknown}
 j - 2 potions of mutation {unknown}
 n - a potion of degeneration {unknown}
 o - a potion of flight {unknown}


   Skills:
 + Level 0.5 Fighting
 + Level 4.6 Dodging
 + Level 4.3 Stealth
 + Level 8.9 Spellcasting
 + Level 2.4 Conjurations
 * Level 10.0 Fire Magic
 * Level 2.0 Air Magic


You had 9 spell levels left.
You knew the following spells:

 Your Spells              Type           Power      Damage    Failure   Level
a - Foxfire               Conj/Fire      100%       2x1d9     1%          1
b - Scorch                Fire           100%       2d9       1%          2
c - Arcjolt               Conj/Air       9%         1d19      58%         5
d - Flame Wave            Conj/Fire      37%        2d10      4%          4

Your spell library contained the following spells:

 Spells                   Type           Power      Damage    Failure   Level
 Inner Flame              Hex/Fire       32%        N/A       2%          3
 Volatile Blastmotes      Fire/Tloc      64%        2d15      2%          3
 Vhi's Electric Charge    Tloc/Air       28%        N/A       13%         3
 Plasma Beam              Fire/Air       18%        2x1d32    65%         6


Dungeon Overview and Level Annotations

Branches:
Dungeon (1/1)

Altars:
Dithmenos
Elyvilon
Kikubaaqudgha
Ru
Sif Muna
Vehumet
Yredelemnul
Zin
The Shining One


Message History

The necromancer binds the souls of nearby monsters.
Casting: Scorch (safe; 1% risk of failure)
Press: ? - help, Q - select action, (/) - cycle Dir - look around, f - activate Flames lash the necromancer.
The necromancer is burned terribly!
You kill the necromancer!
Your Fire Magic skill increases to level 10!
Your Air Magic skill increases to level 2!
There is an open door here.
Things that are here:
a +0 dagger; a +0 robe; a necrophage corpse
p - a wand of paralysis (8)
There is an open door here.
Things that are here:
a +0 dagger; a +0 robe; a necrophage corpse You start resting.
HP restored.
You start resting.
Magic restored.
This spell is quite dangerous to cast!
Memorise Flame Wave, consuming 4 spell levels and leaving 9?
You start memorising the spell.
You continue memorising. x4
You finish memorising.
Spell assigned to 'd'.
Okay, then.
You open the door.
A deep elf pyromancer comes into view.
It is wielding a +2 long sword of holy wrath.
The deep elf pyromancer shouts!
The deep elf pyromancer gestures wildly while chanting.
Found 2 potions of curing.
Found three altars.
Casting: Scorch (safe; 1% risk of failure)
Press: ? - help, Q - select action, (/) - cycle Dir - look around, f - activate Look: a deep elf pyromancer, wielding a +2 long sword of holy wrath
Okay, then.
Okay, then.
You feel yourself speed up. The fire elemental hits you.
The fire elemental burns you!
The deep elf pyromancer casts a spell at you.
The bolt of fire misses the fire elemental.
The bolt of fire hits you!!!
Ouch! That really hurt!
You die...

▓▓▓ ▓▓▓ ..#### ##.####
#### .†...#####..#__☼
#__# ......#..#..#e.E
#._#
.##...#..#..###E#+###)##
.###..##'#..#...@......#
#.##)†###...'.⌠........#
.##..####...#...######+#
.##..###....#.⌠.#
##...##.....#...#
#....#......#)###
#..##.#.....#...# #..
####....#___# ▓▓▓
▓▓▓▓▓▓▓▓▓▓


You could see a deep elf pyromancer and 2 fire elementals.

Vanquished Creatures
  A necrophage (D)
  A water elemental (D)
  Crazy Yiuf (D)
  A wizard (D)
  A necromancer (D)
  A human (D)
  A kobold demonologist (D)
  An endoplasm (D)
  3 rats (D)
11 creatures vanquished.

Vanquished Creatures (others)
  15 foxfires (D)
15 creatures vanquished.

Grand Total: 26 creatures vanquished

Notes
Turn   | Place    | Note
-------+----------+-------------------------------------------
     0 | D        | rocky1 the Deep Elf Fire Elementalist began the quest for
                  | the Orb.
     0 | D        | Reached XP level 1. HP: 10/10 MP: 6/6
    41 | D        | Reached skill level 4 in Fire Magic
    89 | D        | Noticed Crazy Yiuf
    99 | D        | Killed Crazy Yiuf
   100 | D        | Reached skill level 6 in Fire Magic
   100 | D        | Reached XP level 2. HP: 15/15 MP: 2/9
   100 | D        | Reached XP level 3. HP: 19/19 MP: 2/11
   177 | D        | Learned a level 2 spell: Scorch
   219 | D        | Reached skill level 5 in Spellcasting
   372 | D        | Noticed a water elemental
   378 | D        | Killed a water elemental
   379 | D        | Reached skill level 7 in Fire Magic
   379 | D        | Reached XP level 4. HP: 16/24 MP: 1/14
   576 | D        | Found a radiant altar of Vehumet.
   576 | D        | Found a shimmering blue altar of Sif Muna.
   576 | D        | Found an ancient bone altar of Kikubaaqudgha.
   576 | D        | Noticed a wizard
   578 | D        | Killed a wizard
   579 | D        | Reached skill level 8 in Fire Magic
   582 | D        | Reached XP level 5. HP: 28/28 MP: 4/17
   595 | D        | Learned a level 5 spell: Arcjolt
   764 | D        | Found a basalt altar of Yredelemnul.
   764 | D        | Found a shadowy altar of Dithmenos.
   764 | D        | Found a sacrificial altar of Ru.
   769 | D        | Reached skill level 9 in Fire Magic
   769 | D        | Reached skill level 1 in Air Magic
   771 | D        | Reached skill level 10 in Fire Magic
   857 | D        | Learned a level 4 spell: Flame Wave
   857 | D        | Found a glowing silver altar of Zin.
   857 | D        | Found a glowing golden altar of the Shining One.
   857 | D        | Found a white marble altar of Elyvilon.
   857 | D        | Noticed a deep elf pyromancer
   858 | D        | Noticed a fire elemental
   858 | D        | Noticed a fire elemental
   858 | D        | Killed from afar by a deep elf pyromancer

Illustrated notes

Levels and vault maps discovered:
D:        dungeon_sprint_mu [sprint_mu_entry_cave, sprint_mu_temple_rooms,
          sprint_mu_d1_horrors, sprint_mu_d2_genie, sprint_mu_d3_branching,
          sprint_mu_orc_legion, sprint_mu_elf_gauntlet, sprint_mu_hive_nellie,
          sprint_mu_lair_fedhas, sprint_mu_vaults_butterflies,
          sprint_mu_slime_circle, sprint_mu_shoals_archi,
          sprint_mu_snake_twists, sprint_mu_blade_basic,
          sprint_mu_crypt_fortress, sprint_mu_tomb_spiral,
          sprint_mu_vestibule_basic, sprint_mu_gehenna_hellfire,
          sprint_mu_dis_giant, sprint_mu_tartarus_statrot,
          sprint_mu_cocytus_islands, sprint_mu_zot1]

Skill      XL: |  1  2  3  4  5 |
---------------+----------------+-----
Fire Magic     | 6 7 8 10 | 10.0
Dodging        | 3 4 |  4.6
Stealth        | 3 4 |  4.3
Spellcasting   | 4 6 7 8 |  8.9
Conjurations   | 2 |  2.4
Air Magic      | 2 |  2.0
Fighting       | |  0.5

Action                     |  1- 3 |  4- 6 || total
---------------------------+-------+-------++-------
   Cast: Foxfire           |     9 |       ||     9
         Scorch            |    10 |    11 ||    21
    Use: Scroll            |     1 |       ||     1
         Potion            |       |     1 ||     1
 Armour: Robe              |       |     1 ||     1
  Dodge: Dodged            |     4 |     2 ||     6

Table legend: (Time is in decaauts)
 A = Elapsed time spent in this place.
 B = Non-inter-level travel time spent in this place.
 C = Inter-level travel time spent in this place.
 D = Time resting spent in this place.
 E = Time spent auto-exploring this place.
 F = Levels seen in this place.
 G = Mean time per level.
                   A        B        C        D        E       F      G
               +--------+--------+--------+--------+--------+-----+--------+
         Total |    858 |    858 |      0 |    631 |      0 |   1 |  858.0 |
       Dungeon |    858 |    858 |      0 |    631 |      0 |   1 |  858.0 |
               +--------+--------+--------+--------+--------+-----+--------+

Top non-repeatable levels by time:
       D: 858 daAuts
